 Dungeon Crawl Stone Soup version 0.20.1-1-g8b1a95d (webtiles) character file.

917 Liatris the Chopper (level 7, 0/52 HPs)
             Began as a Demonspawn Gladiator on Aug 17, 2017.
             Was an Initiate of Yredelemnul.
             Slain by Saithnar's ghost (2 damage)
             ... on level 7 of the Dungeon.
             The game lasted 00:23:50 (5629 turns).

Liatris the Chopper (Demonspawn Gladiator)          Turns: 5629, Time: 00:23:51

Health: 0/52       AC:  3    Str: 15    XL:     7   Next: 83%
Magic:  7/7        EV: 11    Int:  9    God:    Yredelemnul [......]
Gold:   194        SH:  8    Dex: 16    Spells: 6/6 levels left

rFire    . . .     SeeInvis .   a - +0 war axe
rCold    . . .     Gourm    .   m - +0 shield
rNeg     . . .     Faith    .   b - +0 leather armour
rPois    .         Spirit   .   (helmet restricted)
rElec    .         Reflect  .   (no cloak)
rCorr    .         Harm     .   (no gloves)
MR       .....                  (no boots)
Stlth    ++........             (no amulet)
Regen    0.2/turn               (no ring)
MPRegen  0.1/turn               (no ring)

@: no status effects
A: horns 2, powered by death 2
a: Renounce Religion


You were on level 7 of the Dungeon.
You worshipped Yredelemnul.
Yredelemnul was noncommittal.
You were full.

You visited 1 branch of the dungeon, and saw 7 of its levels.

You collected 194 gold pieces.

Inventory:

Hand Weapons
 a - a +0 war axe (weapon)
 h - a +0 bardiche
 p - a +2 flail of crushing
Missiles
 l - 2 throwing nets (quivered)
Armour
 b - a +0 leather armour (worn)
 c - a +0 helmet
 i - the +1 robe of Lifelessness {rF+++ rC++ Str-4 Slay-4}
   (You found it on level 6 of the Dungeon)

   It affects your strength (-4).
   It affects your accuracy and damage with ranged weapons and melee attacks
   (-4).
   It renders you almost immune to fire.
   It greatly protects you from cold.
 m - a +0 shield (worn)
Wands
 o - a wand of lightning (2/15)
Scrolls
 e - 6 scrolls of remove curse
Potions
 n - a potion of ambrosia {unknown}
Comestibles
 d - 3 fruits
 f - 3 bread rations
 k - 2 meat rations


   Skills:
 + Level 3.6 Fighting
 + Level 6.2 Axes
 + Level 2.0 Throwing
 + Level 2.4 Armour
 + Level 3.9 Dodging
 + Level 1.7 Stealth
 + Level 2.0 Shields
 + Level 0.6 Evocations


You had 6 spell levels left.
You didn't know any spells.

Dungeon Overview and Level Annotations

Branches:
Dungeon (7/15)
 Temple: D:4-7

Altars:
Ru
Trog
Uskayaw
Yredelemnul
Zin

Annotations:
D:4 Eustachio; Sagrath01's ghost, amateur DrTm
D:6 CitizenNev's ghost, novice DsFi
D:7 Saithnar's ghost, novice DrBe


Innate Abilities, Weirdness & Mutations

You have a pair of horns on your head.
You regenerate health from kills.


Message History

* * * LOW HITPOINT WARNING * * *
You closely miss Saithnar's ghost. You headbutt Saithnar's ghost.
Saithnar's ghost is severely damaged.
You block Saithnar's ghost's attack. Saithnar's ghost hits you!
* * * LOW HITPOINT WARNING * * *
You hit Saithnar's ghost but do no damage.
Your headbutt misses Saithnar's ghost.
Saithnar's ghost is severely damaged.
You block Saithnar's ghost's attack.
You slash Saithnar's ghost!
Saithnar's ghost is almost destroyed.
Saithnar's ghost barely misses you.
You closely miss Saithnar's ghost. Your headbutt misses Saithnar's ghost.
Saithnar's ghost is almost destroyed.
You block Saithnar's ghost's attack.
You hit Saithnar's ghost but do no damage.
Saithnar's ghost is almost destroyed.
Saithnar's ghost hits you.
You die...
Your body rises from the dead as a mindless zombie.

.. .# .#
.# .# .#
#######W#
#$....@.#
#....<#.#
#.....#.#
#.###.###
.. ..# #.
###


You could see Saithnar's ghost.

Vanquished Creatures
  Purgy (D:4)
  An ogre (D:4)
  A centaur (D:5)
  A bullfrog (D:6)
  A howler monkey (D:4)
  A bullfrog zombie (D:5)
  3 crimson imps (D:5)
  An orc priest (D:5)
  A centaur skeleton (D:5)
  A gnoll shaman (D:5)
  An iguana (D:3)
  2 orc wizards (D:4)
  2 worker ants (D:4)
  5 gnolls (D:5)
  7 adders
  A howler monkey skeleton (D:5)
  2 worms
  3 leopard geckos
  13 orcs
  7 giant cockroaches
  6 goblins
  5 hobgoblins
  3 jackals (D:3)
  3 quokkas
  7 bats
  A frilled lizard (D:1)
  A jackal zombie (D:6)
  3 kobolds
  4 rats (D:1)
88 creatures vanquished.

Notes
Turn   | Place    | Note
-------+----------+-------------------------------------------
     0 | D:1      | Liatris the Demonspawn Gladiator began the quest for the Orb.
     0 | D:1      | Reached XP level 1. HP: 16/16 MP: 1/1
   329 | D:1      | Gained mutation: You regenerate a little health from kills. [demonic ancestry]
   329 | D:1      | Reached XP level 2. HP: 16/22 MP: 2/2
   356 | D:1      | Reached skill level 3 in Axes
   894 | D:2      | Gained mutation: You have a pair of small horns on your head. [demonic ancestry]
   894 | D:2      | Reached XP level 3. HP: 14/27 MP: 3/3
  1462 | D:2      | Found a hide-covered altar of Uskayaw.
  1997 | D:2      | Found a bloodstained altar of Trog.
  2020 | D:2      | Gained mutation: You have a pair of horns on your head. [demonic ancestry]
  2020 | D:2      | Reached XP level 4. HP: 18/33 MP: 4/4
  2433 | D:3      | Found a glowing silver altar of Zin.
  2534 | D:3      | Reached skill level 1 in Armour
  2733 | D:3      | Found a sacrificial altar of Ru.
  3100 | D:4      | Noticed an ogre
  3107 | D:4      | Killed an ogre
  3107 | D:4      | Reached skill level 4 in Axes
  3107 | D:4      | Reached skill level 1 in Stealth
  3107 | D:4      | Reached XP level 5. HP: 39/39 MP: 5/5
  3124 | D:4      | Noticed Purgy
  3135 | D:4      | Killed Purgy
  3135 | D:4      | Gained mutation: You regenerate health from kills. [demonic ancestry]
  3135 | D:4      | Reached XP level 6. HP: 46/46 MP: 6/6
  3247 | D:4      | Noticed Eustachio
  3443 | D:4      | Reached skill level 5 in Axes
  3497 | D:4      | Noticed Sagrath01's ghost (amateur DrTm)
  3734 | D:4      | HP: 2/46 [Sagrath01's ghost (3)]
  3759 | D:5      | Entered Level 5 of the Dungeon
  4125 | D:5      | Reached XP level 7. HP: 42/52 MP: 7/7
  4277 | D:5      | Found a basalt altar of Yredelemnul.
  4284 | D:5      | Became a worshipper of Yredelemnul the Dark
  4346 | D:5      | Reached skill level 1 in Shields
  4811 | D:5      | Reached skill level 6 in Axes
  5312 | D:6      | Got an ominously black robe
  5323 | D:6      | Identified the +1 robe of Lifelessness {rF+++ rC++ Str-4 Slay-4} (You found it on level 6 of the Dungeon)
  5378 | D:6      | Noticed CitizenNev's ghost (novice DsFi)
  5380 | D:6      | Noticed a hippogriff
  5597 | D:7      | Noticed Saithnar's ghost (novice DrBe)
  5625 | D:7      | HP: 2/52 [Saithnar's ghost (7)]
  5629 | D:7      | Slain by Saithnar's ghost

Skill      XL: |  1  2  3  4  5  6  7 |
---------------+----------------------+-----
Axes           | 3 4 5 6 |  6.2
Dodging        | 3 |  3.9
Armour         | 1 2 |  2.4
Stealth        | 1 |  1.7
Fighting       | 3 |  3.6
Throwing       | 2 |  2.0
Shields        | 2 |  2.0
Evocations     | |  0.6

Action                   |  1- 3 |  4- 6 |  7- 9 || total
-------------------------+-------+-------+-------++-------
Melee: War axe           |    92 |   125 |   113 ||   330
       Headbutt          |     6 |    29 |    18 ||    53
Throw: Throwing net      |       |     4 |       ||     4
Evoke: Wand              |       |       |     7 ||     7
  Use: Potion            |     3 |     2 |     2 ||     7
       Scroll            |     5 |     1 |     1 ||     7
 Stab: Sleeping          |       |     1 |       ||     1
       Held in net/web   |       |     1 |       ||     1
  Eat: Fruit             |     4 |     1 |     2 ||     7
       Royal jelly       |       |     1 |     1 ||     2
       Bread ration      |       |     1 |       ||     1
       Meat ration       |       |       |     1 ||     1
Armor: Leather armour    |    26 |    16 |    20 ||    62
Dodge: Dodged            |    67 |    69 |    50 ||   186
Block: Shield            |       |    22 |    33 ||    55
